 Dungeon Crawl Stone Soup version 0.29-a0-266-gf56f883ddd (webtiles) character file.

Game seed: 10508084428413869565

1365 enile the Sneak (level 8, -2/54 (57) HPs)
             Began as an Octopode Delver on Mar 6, 2022.
             Was a Believer of Vehumet.
             Slain by a wight
             ... wielding a +2 long sword
              (15 damage)
             ... on level 5 of the Dungeon.
             The game lasted 00:12:54 (7878 turns).

enile the Sneak (Octopode Delver)                   Turns: 7878, Time: 00:12:54

HP:   -2/54 (57)    AC:  3    Str: 12    XL:     8   Next: 65%
MP:   10/11         EV: 15    Int: 12    God:    Vehumet [**....]
Gold: 373           SH:  0    Dex: 15    Spells: 6/11 levels left

rFire   x x .      SeeInvis .   h - +1 long sword
rCold   + + .      Faith    .   r - orb {guile}
rNeg    . . .      Spirit   .   u - +2 hat
rPois   .          Reflect  .   (no amulet)
rElec   .          Harm     .   o - ring of ice
rCorr   .          Rampage  .   x - ring of ice
Will    .....                   (no ring)
Stlth   ++++......              (no ring)
HPRegen 0.18/turn               (no ring)
MPRegen 0.12/turn               (no ring)
                                (no ring)
                                (no ring)

@: studying Dodging, drained
A: almost no armour, amphibious, 8 rings, camouflage 1, gelatinous body 1,
(nimble swimmer 1), tentacles
a: Renounce Religion


You were on level 5 of the Dungeon.
You worshipped Vehumet.
Vehumet was pleased with you.
You visited 2 branches of the dungeon, and saw 8 of its levels.

You collected 373 gold pieces.

Inventory:

Hand Weapons
 a - a +0 falchion
 h - a +1 long sword (weapon)
 i - a +3 war axe
 j - a +3 short sword
 w - a +3 vampiric dagger
 y - a +3 falchion of freezing
Missiles
 k - 13 poisoned darts (quivered)
 s - 6 silver javelins
Armour
 r - an orb of guile (worn)
 u - a +2 hat (worn)
Jewellery
 o - a ring of ice (left tentacle)
 x - a ring of ice (right tentacle)
Wands
 f - a wand of digging (7)
 m - a wand of acid (10)
 A - a wand of flame (9)
Scrolls
 b - a scroll of fog
 c - 3 scrolls of magic mapping
 e - a scroll of amnesia
 q - a scroll of summoning {unknown}
 t - a scroll of noise {unknown}
Potions
 d - a potion of heal wounds
 g - a potion of attraction {unknown}
 l - a potion of brilliance {unknown}
 n - 2 potions of curing {unknown}
 p - a potion of flight {unknown}
 v - 2 potions of magic {unknown}
 z - a potion of invisibility {unknown}


   Skills:
 - Level 5.6 Fighting
 - Level 5.0 Long Blades
 - Level 5.0 Dodging
 - Level 7.0 Stealth
 - Level 2.0 Spellcasting
 - Level 2.0 Conjurations
 - Level 3.0 Translocations
 + Level 3.0 Fire Magic
 - Level 3.8 Evocations


You had 6 spell levels left.
You knew the following spells:

 Your Spells              Type           Power      Damage    Failure   Level
a - Magic Dart            Conj           24%        1d4       12%         1
b - Scorch                Fire           16%        2d6       12%         2
c - Blink                 Tloc           16%        N/A       12%         2

Your spell library contained the following spells:

 Spells                   Type           Power      Damage    Failure   Level
 Shock                    Conj/Air       12%        1d3       19%         1
 Lesser Beckoning         Tloc           8%         N/A       24%         3
 Static Discharge         Conj/Air       3%         N/A       26%         2
 Swiftness                Air            1%         N/A       63%         3
 Sticky Flame             Conj/Fire      7%         2d3       67%         4
 Manifold Assault         Tloc           8%         N/A       91%         5
 Airstrike                Air            0%         N/A       95%         4
 Dispel Undead            Necr           1%         3d6       95%         4


Dungeon Overview and Level Annotations

Branches:
Dungeon (7/15)             Temple (1/1) D:6

Altars:
Ashenzari
Cheibriados
Dithmenos
Elyvilon
Fedhas
Gozag
Hepliaklqana
Kikubaaqudgha
Makhleb
Nemelex Xobeh
Okawaru
Qazlal
Ru
Sif Muna
Trog
Uskayaw
Vehumet
Wu Jian
Xom
Yredelemnul
Zin
The Shining One

Shops:
D:5 *

Annotations:
D:7 Dowan


Innate Abilities, Weirdness & Mutations

You cannot wear most types of armour.
You are amphibious.
You can wear up to eight rings at the same time.
Your skin changes colour to match your surroundings (Stealth+).
Your rubbery body absorbs attacks. (AC +1, EV +1)
((You are camouflaged when in or above water. (Stealth+)))
You have tentacles for arms and can constrict up to eight enemies at once.


Message History

The bullfrog hits you but does no damage.
You hit the bullfrog. Your grab misses the bullfrog.
The bullfrog is almost dead.
The bullfrog hits you. The bullfrog barely misses you.
You slash the bullfrog!
You kill the bullfrog!
Vehumet accepts your kill.
Your Fire Magic skill increases to level 3!
No target in view!
v - 2 fizzy cyan potions (gained 1)
There is an open door here.
There is an open door here.
There is a stone staircase leading down here.
A wight is nearby!
A wight is nearby!
A wight is nearby!
A wight is nearby!
A wight is nearby!
Casting: Scorch (safe; 12% risk of failure)
Confirm with . or Enter, or press ? or * to list all spells.
Flames lash the wight.
The wight is moderately damaged.
The wight's fire resistance burns away.
The wight closely misses you. The wight hits you with a +0 hand axe!
The wight barely misses you. The wight attacks as you move away!
The wight closely misses you.
The wight is no longer more vulnerable to fire.
The wight barely misses you. The wight attacks as you move away!
The wight barely misses you. The wight attacks as you move away!
The wight hits you with a +2 long sword!
You feel drained.
There is a stone staircase leading up here.
The wight hits you with a +2 long sword!
You climb upwards.
There is a stone staircase leading down here.
The wight hits you with a +2 long sword!
* * * LOW HITPOINT WARNING * * *
The wight attacks as you move away!
The wight hits you with a +2 long sword!
You die...

# #.#.#.#### #######...### #
#.#.#รท#######.........#.##
########.....##.............#...#
...........####.####..####.......
############ #.####......[.....#
#.##.....[...<##.##
#.##.#.....#..#####
#z##.#......).# # #>@...........#
# ####.########.# # #.# ###.### #
#.# #.....# # #.# #.....# # #.#
#...^.# # #.### #.....# # #...#
#.....# # ###.# #######


You could see a wight.

Vanquished Creatures
  A water moccasin (Temple)
  An ice beast (D:6)
  A black bear (D:2)
  A phantom (D:4)
  2 bullfrogs (D:6)
  A kobold brigand (D:6)
  A necrophage (D:5)
  3 scorpions
  A wight (D:6)
  2 hounds
  2 jellies
  Jessica (D:2)
  Terence (D:2)
  2 iguanas
  3 orc wizards
  4 gnolls
  8 adders
  A white imp (D:6)
  2 worms
  A dart slug (D:2)
  14 orcs
  10 ball pythons
  4 endoplasms
  3 giant cockroaches
  4 goblins
  4 hobgoblins
  2 jackals (D:1)
  11 kobolds
  4 quokkas
  4 bats
  2 frilled lizards
  2 rats (D:2)
103 creatures vanquished.

Vanquished Creatures (others)
  A plant (D:4)
1 creature vanquished.

Grand Total: 104 creatures vanquished

Notes
Turn   | Place    | Note
-------+----------+-------------------------------------------
     0 | D:5      | enile the Octopode Delver began the quest for the Orb.
     0 | D:5      | Reached XP level 1. HP: 16/16 MP: 1/1
    34 | D:5      | Noticed an iguana
    76 | D:4      | Noticed a phantom
    82 | D:4      | Reached XP level 2. HP: 15/22 MP: 2/2
   417 | D:5      | You fall into a shaft and drop 2 floors!
   535 | D:6      | Noticed an ice beast
   539 | D:6      | Reached skill level 1 in Evocations
   539 | D:6      | Reached XP level 3. HP: 23/27 MP: 3/3
   595 | D:7      | Noticed a bullfrog
   805 | D:7      | Noticed Dowan
   893 | D:6      | Noticed a bullfrog
   903 | D:6      | Killed a bullfrog
   904 | D:6      | Reached XP level 4. HP: 5/33 MP: 4/4
   904 | D:6      | Reached XP level 5. HP: 6/37 MP: 5/5
  1160 | D:6      | Found a staircase to the Ecumenical Temple.
  1163 | D:6      | Noticed a water moccasin
  1172 | Temple   | Entered the Ecumenical Temple
  1177 | Temple   | Killed a water moccasin
  1870 | Temple   | Became a worshipper of Vehumet
  1976 | D:6      | Reached XP level 6. HP: 44/45 MP: 6/6
  2411 | D:6      | Reached skill level 5 in Fighting
  2411 | D:6      | Reached skill level 1 in Spellcasting
  3260 | D:3      | Found an iron altar of Okawaru.
  3358 | D:3      | Noticed a black bear
  3595 | D:2      | Found a faded altar of an unknown god.
  3641 | D:2      | Noticed Jessica
  3657 | D:2      | Killed Jessica
  3747 | D:2      | Noticed Terence
  3756 | D:2      | Killed Terence
  3757 | D:2      | Reached XP level 7. HP: 50/50 MP: 10/10
  3831 | D:2      | Reached * piety under Vehumet
  3831 | D:2      | Offered knowledge of Magic Dart by Vehumet.
  3844 | D:2      | Learned a level 1 spell: Magic Dart
  4319 | D:1      | Reached skill level 1 in Conjurations
  4803 | D:2      | Reached ** piety under Vehumet
  4803 | D:2      | Offered knowledge of Scorch by Vehumet.
  4804 | D:2      | Reached skill level 7 in Stealth
  5312 | D:3      | Learned a level 2 spell: Scorch
  5437 | D:4      | Learned a level 2 spell: Blink
  5615 | D:3      | Reached skill level 1 in Translocations
  6057 | D:4      | Reached XP level 8. HP: 6/57 MP: 11/11
  6541 | D:4      | Identified a scroll of acquirement
  6544 | D:4      | Acquired a manual of Dodging
  6638 | D:5      | Reached skill level 5 in Long Blades
  6736 | D:5      | Reached skill level 1 in Fire Magic
  7039 | D:5      | Found Askoq's Fire Supplies.
  7634 | D:6      | Reached skill level 5 in Dodging
  7878 | D:5      | Slain by a wight

Illustrated notes

Levels and vault maps discovered:
D:1:      dpeg_arrival_arbitrary_b, layout_rooms
D:2:      layout_rooms, serial_forest, infiniplex_forest_clump_C,
          infiniplex_forest_lined_4_way, infiniplex_forest_end_3,
          infiniplex_forest_lined_4_way, infiniplex_forest_lined_1,
          shapermc_ecumenical_altar_mp_highgroup, kennysheep_generic_room_2,
          uniq_jessica, uniq_terence
D:3:      layout_rooms, nicolae_overflow_crystal_walls, grunt_ministairs_13,
          minmay_bisected
D:4:      layout_basic, saegor_snake_ambush
D:5:      layout_loops_cross, nicolae_shop_fire_sale [nicolae_sub_dead_trees]
D:6:      layout_basic, minmay_temple_entry_sparse_star
D:7:      layout_loops_cross, uniq_duvessa
Temple:   nicolae_temple_the_god_donut

Skill      XL: |  1  2  3  4  5  6  7  8 |
---------------+-------------------------+-----
Fighting       | 4 5 |  5.6
Evocations     | 1 3 |  3.8
Long Blades    | 3 4 5 |  5.0
Spellcasting   | 2 |  2.0
Conjurations   | 2 |  2.0
Stealth        | 7 |  7.0
Translocations | 2 3 |  3.0
Fire Magic     | 3 |  3.0
Dodging        | 5 |  5.0

Action                   |  1- 3 |  4- 6 |  7- 9 || total
-------------------------+-------+-------+-------++-------
Melee: Long sword        |    24 |    75 |   146 ||   245
       Constrict         |     7 |    14 |    23 ||    44
       Tentacles         |     7 |    20 |    27 ||    54
       Punch             |       |     3 |     1 ||     4
 Cast: Magic Dart        |       |       |    19 ||    19
       Scorch            |       |       |     7 ||     7
  Use: Scroll            |     2 |     1 |     5 ||     8
       Potion            |     1 |     3 |     3 ||     7
 Stab: Sleeping          |     2 |     5 |    20 ||    27
       Distracted        |       |       |     1 ||     1
Armor: Skin              |     1 |     3 |    28 ||    32
Dodge: Dodged            |    15 |    47 |   116 ||   178

Table legend: (Time is in decaauts)
 A = Elapsed time spent in this place.
 B = Non-inter-level travel time spent in this place.
 C = Inter-level travel time spent in this place.
 D = Time resting spent in this place.
 E = Time spent auto-exploring this place.
 F = Levels seen in this place.
 G = Mean time per level.
                   A        B        C        D        E       F      G
               +--------+--------+--------+--------+--------+-----+--------+
         Total |   7881 |   7467 |    414 |    512 |   5678 |   8 |  985.1 |
       Dungeon |   7168 |   6805 |    363 |    512 |   5043 |   7 | 1024.0 |
        Temple |    713 |    662 |     51 |      0 |    635 |   1 |  713.0 |
               +--------+--------+--------+--------+--------+-----+--------+

Top non-repeatable levels by time:
     D:6: 1755 daAuts
     D:5: 1313 daAuts
     D:4: 1244 daAuts
     D:2: 1018 daAuts
     D:3: 967 daAuts
  Temple: 713 daAuts
     D:1: 506 daAuts
     D:7: 363 daAuts
